 Dungeon Crawl Stone Soup version 0.19.4-9-g45fd643 (webtiles) character file.

1582 nikopol the Skirmisher (level 8, 0/78 HPs)
             Began as a Gargoyle Berserker on Feb 19, 2017.
             Was an Elder of Trog.
             Slain by an orc
             ... wielding a +0 mace
              (2 damage)
             ... on level 5 of the Dungeon.
             The game lasted 00:24:58 (5637 turns).

nikopol the Skirmisher (Gargoyle Berserker)         Turns: 5637, Time: 00:24:59

Health: 0/78       AC: 16    Str: 26    XL:     8   Next: 92%
Magic:  8/8        EV: 10    Int:  8    God:    Trog [****..]
Gold:   198        SH:  0    Dex: 11    Spells: 0 memorised, 7 levels left

rFire  . . .     SeeInvis +     a - +0 mace
rCold  . . .     Gourm    .     L - +0 chain mail
rNeg   + . .     Faith    .     (no shield)
rPois  ∞         Spirit   .     (no helmet)
rElec  +         Reflect  .     (no cloak)
rCorr  .         Harm     +     (no gloves)
MR     .....                    x - +0 pair of boots
Stlth  ..........               s - amulet of harm
                                r - ring of see invisible
                                l - ring of stealth

@: berserking, very quick
A: negative energy resistance 1, electricity resistance, unbreathing,
petrification resistance, rot immunity, AC +5
a: Berserk, Trog's Hand, Brothers in Arms, Burn Spellbooks, Renounce Religion


You were on level 5 of the Dungeon.
You worshipped Trog.
Trog was greatly pleased with you.
You were very hungry.

You visited 1 branch of the dungeon, and saw 5 of its levels.

You collected 198 gold pieces.

Inventory:

Hand Weapons
 a - a +0 mace (weapon)
Missiles
 h - 81 arrows (quivered)
Armour
 b - a +0 animal skin
 g - a +0 ring mail
 x - a +0 pair of boots (worn)
 L - a +0 chain mail (worn)
Jewellery
 l - a ring of stealth (left hand)
 r - a ring of see invisible (right hand)
 s - an amulet of harm (around neck)
Wands
 v - a wand of paralysis (6/24)
 y - a wand of paralysis (15/24)
 J - a wand of confusion (35/48)
Scrolls
 d - a scroll of random uselessness {unknown}
 e - 5 scrolls of remove curse {unknown}
 i - 4 scrolls of immolation {unknown}
 k - 3 scrolls of teleportation {unknown}
 p - a scroll of recharging {unknown}
 w - a scroll of noise {unknown}
 A - a scroll of magic mapping {unknown}
 C - 2 scrolls of enchant armour {unknown}
 E - 4 scrolls of identify
 H - a scroll of blinking {unknown}
Potions
 f - a potion of degeneration {unknown}
 j - 2 potions of curing
 n - a potion of lignification {unknown}
 q - a potion of brilliance {unknown}
 t - 3 potions of flight {unknown}
 u - a potion of invisibility {unknown}
 z - a potion of agility {unknown}
 B - a potion of heal wounds {unknown}
 D - a potion of berserk rage {unknown}
 F - a potion of magic {unknown}
 G - a potion of mutation {unknown}
 I - a potion of resistance {unknown}
Comestibles
 c - 4 bread rations
 m - 6 fruits
 o - a meat ration
 K - 2 chunks of flesh


   Skills:
 + Level 6.9 Fighting
 + Level 6.1 Maces & Flails
 + Level 6.2 Armour
 + Level 4.7 Dodging


You had 7 spell levels left.
You didn't know any spells.

Dungeon Overview and Level Annotations

Branches:
Dungeon (5/15)
 Temple: D:4-7

Altars:
Nemelex Xobeh


Innate Abilities, Weirdness & Mutations

You are resistant to torment.
Your stone body is resilient. (AC +5)
You are immune to poison.
You resist negative energy. (rN+)
You are resistant to electric shocks. (rElec)
You can survive without breathing.
You are immune to petrification.
You are immune to rotting.


Message History

The orc wizard is severely wounded.
The orc wizard hits you but does no damage.
The orc closely misses you.
You barely miss the orc wizard.
The orc wizard is severely wounded.
The orc wizard misses you. The orc hits you but does no damage.
The orc wizard hits you but does no damage.
You hit the orc wizard.
The orc wizard is severely wounded.
The orc wizard hits you with a dagger.
* * * LOW HITPOINT WARNING * * *
The orc hits you but does no damage. The orc barely misses you.
You sock the orc wizard!
You feel the power of Trog in you as your rage grows.
You kill the orc wizard!
Trog accepts your kill.
Trog appreciates your killing of a magic user.
The orc wizard hits you but does no damage. x2
The orc hits you with a mace.
You die...

.....................#...........
.....####....##.....)#...........
###'#####....##....))##..........
......#......##......##..........
......#.......#....)........)....
......#.......#..................
......+.......'..................
...####.##...##.oo...............
...####.###'###o@................
....#....#....#).................
....#....#....#..................
....'....#....#..................
....#....#....#..................
....#....#....#......##.......##.
....#....#....#......##.......##.
....#.)..#...##.....>##..........
#..###..###'###......##..........


You could see an orc wizard and 2 orcs.

Vanquished Creatures
  Pikel (D:4)
  Grinder (D:4)
  Eustachio (D:4)
  The ghost of Exporg the Caller, an amateur TeSu (D:3)
  A water moccasin (D:4)
  Blork the orc (D:4)
  3 orc priests
  3 orc wizards (D:5)
  An iguana (D:5)
  Ijyb (D:2)
  A worker ant (D:5)
  A worker ant zombie (D:5)
  Robin (D:3)
  10 adders
  A shadow imp (D:5)
  An ooze (D:4)
  2 worms (D:2)
  5 dart slugs
  5 leopard geckos
  12 orcs
  A ball python (D:1)
  8 bats
  3 giant cockroaches
  16 goblins
  8 hobgoblins
  8 jackals
  10 kobolds
  A quokka (D:3)
  6 frilled lizards
  A jackal skeleton (D:5)
  10 rats
  2 fungi (D:1)
127 creatures vanquished.

Notes
Turn   | Place    | Note
-------+----------+-------------------------------------------
     0 | D:1      | nikopol the Gargoyle Berserker began the quest for the Orb.
     0 | D:1      | Reached XP level 1. HP: 14/14 MP: 1/1
   167 | D:1      | Reached XP level 2. HP: 18/19 MP: 2/2
   315 | D:1      | Reached XP level 3. HP: 23/23 MP: 3/3
   317 | D:1      | Reached ** piety under Trog
  1202 | D:2      | Reached XP level 4. HP: 24/29 MP: 4/4
  1283 | D:2      | Noticed Ijyb
  1290 | D:2      | Paralysed by Ijyb for 6 turns
  1309 | D:2      | Killed Ijyb
  1482 | D:2      | Reached XP level 5. HP: 7/33 MP: 5/5
  1993 | D:2      | Found a sparkling altar of Nemelex Xobeh.
  2214 | D:3      | Noticed Robin
  2241 | D:2      | Reached *** piety under Trog
  2538 | D:3      | Killed Robin
  2801 | D:3      | Noticed Exporg's ghost (amateur TeSu)
  2806 | D:3      | Killed Exporg's ghost
  2806 | D:3      | Reached XP level 6. HP: 40/40 MP: 6/6
  3342 | D:3      | Reached skill level 5 in Fighting
  3778 | D:4      | Noticed Blork the orc
  3792 | D:4      | Killed Blork the orc
  3792 | D:4      | Reached XP level 7. HP: 44/44 MP: 7/7
  4265 | D:4      | Noticed Eustachio
  4268 | D:4      | Noticed Grinder
  4341 | D:4      | Paralysed by Grinder for 6 turns
  4352 | D:4      | Paralysed by Grinder for 2 turns
  4360 | D:4      | Killed Grinder
  4360 | D:4      | Reached skill level 5 in Maces & Flails
  4566 | D:4      | Killed Eustachio
  4566 | D:4      | Reached skill level 5 in Armour
  4566 | D:4      | Reached XP level 8. HP: 51/51 MP: 8/8
  4743 | D:4      | Noticed Pikel
  4786 | D:4      | Killed Pikel
  5097 | D:5      | Entered Level 5 of the Dungeon
  5309 | D:5      | Reached **** piety under Trog
  5633 | D:5      | HP: 3/78 [orc wizard/magic dart (8)]
  5637 | D:5      | Slain by an orc

Skill      XL: |  1  2  3  4  5  6  7  8 |
---------------+-------------------------+-----
Dodging        | 2 3 4 |  4.7
Fighting       | 4 5 6 |  6.9
Armour         | 3 4 5 6 |  6.2
Maces & Flails | 4 5 6 |  6.1

Action                   |  1- 3 |  4- 6 |  7- 9 || total
-------------------------+-------+-------+-------++-------
Melee: Mace              |   140 |   227 |   176 ||   543
Invok: Berserk           |       |     6 |     3 ||     9
  Use: Scroll            |       |       |     1 ||     1
 Stab: Sleeping          |     1 |     3 |       ||     4
  Eat: Chunk             |     1 |    13 |     4 ||    18
       Bread ration      |       |       |     1 ||     1
Armor: Ring mail         |    79 |   146 |   127 ||   352
       Chain mail        |       |       |    45 ||    45
Dodge: Dodged            |    75 |   182 |   213 ||   470
